 Dungeon Crawl Stone Soup version 0.31.0-11-ge490571c62 (webtiles) character file.

Game seed: 3625041044724120567

119 hikkokomori the Digger (level 5, -1/39 HPs)
             Began as a Formicid Wanderer on Feb 2, 2024.
             Slain by an ogre
             ... wielding a +0 giant club
              (17 damage)
             ... on level 3 of the Dungeon.
             The game lasted 00:04:19 (2027 turns).

hikkokomori the Digger (Formicid Wanderer)          Turns: 2027, Time: 00:04:20

Health: -1/39      AC:  5    Str: 16    XL:     5   Next: 24%
Magic:  5/10       EV: 10    Int: 18    God:
Gold:   103        SH:  0    Dex:  9    Spells: 9/11 levels left

rFire   . . .        j - +2 spear (vamp)
rCold   + . .        (no shield)
rNeg    . . .        c - +0 ring mail
rPois   .            (helmet unavailable)
rElec   .            (no cloak)
rCorr   .            (no gloves)
SInv    +            (no boots)
Will    .....        (no amulet) Stlth
                     e - ring of protection from cold
HPRegen 0.26/turn    (no ring)
MPRegen 0.12/turn

%: no passive effects
@: very slightly contaminated
A: permanent stasis, dig shafts and tunnels, antennae 3, four strong arms
a: Dig, Shaft Self


You were on level 3 of the Dungeon.
You visited 1 branch of the dungeon, and saw 3 of its levels.

You collected 103 gold pieces.

Inventory:

Hand Weapons
 a - a +0 club
 d - a +0 short sword
 i - the +3 short sword "Heaptua" {protect, Will+ rCorr MP-9 Str+4}
   (You found it on level 2 of the Dungeon)

   Str+4:     It affects your strength (+4).
   Will+:     It increases your willpower.
   MP-9:      It affects your magic capacity (-9).
   rCorr:     It protects you from acid and corrosion.
 j - a +2 vampiric spear (weapon)
Armour
 c - a +0 ring mail (worn)
Jewellery
 e - a ring of protection from cold (left hand)
 l - a ring of protection from fire
Scrolls
 g - a scroll of blinking {unknown}
 h - a scroll of teleportation {unknown}
 k - a scroll of immolation {unknown}
Potions
 b - a potion of heal wounds
 f - 2 potions of curing {unknown}


   Skills:
 + Level 2.4 Fighting
 + Level 0.4 Polearms
 - Level 2.1 Armour
 + Level 3.9 Spellcasting
 + Level 2.0 Translocations
 + Level 5.4 Earth Magic


You had 9 spell levels left.
You knew the following spells:

 Your Spells              Type           Power      Damage    Failure   Level
a - Sandblast             Erth           46%        2d11      3%          1
b - Apportation           Tloc           20%        N/A       12%         1

Your spell library contained the following spells:

 Spells                   Type           Power      Damage    Failure   Level
 Teleport Other           Tloc           10%        N/A       34%         3
 Brom's Barrelling Bould  Conj/Erth      13%        2d4       65%         4
 Leda's Liquefaction      Alch/Erth      6%         N/A       65%         4


Dungeon Overview and Level Annotations

Branches:
Dungeon (3/15)

Altars:


Innate Abilities, Weirdness & Mutations

You cannot be hasted, slowed, berserked, paralysed or teleported.
You can dig through walls and to a lower floor.
You have a pair of large antennae on your head. (SInv)
Your four strong arms can wield two-handed weapons with a shield.


Message History

Casting: Sandblast (safe; 3% risk of failure)
Confirm with . or Enter, or press ? or * to list all spells.
Aiming: Sandblast (safe; 3% risk of failure)
Press: ? - help, Shift-Dir - straight line, f/p - ogre
Aim: an ogre, wielding a +0 giant club (moderately wounded, 92% to hit)
The blast of sand hits the ogre.
The ogre is moderately wounded.
The bat hits you but does no damage.
The ogre hits you with a +0 giant club!!
Ouch! That really hurt!
The bat hits you but does no damage.
Casting: Sandblast (safe; 3% risk of failure)
Confirm with . or Enter, or press ? or * to list all spells.
Aiming: Sandblast (safe; 3% risk of failure)
Press: ? - help, Shift-Dir - straight line, f/p - ogre
Aim: an ogre, wielding a +0 giant club (moderately wounded, 92% to hit)
The blast of sand hits the ogre!
The ogre is severely wounded.
The bat hits you but does no damage. The bat closely misses you.
The bat hits you but does no damage. The ogre misses you.
The bat is sucked into a shaft!
The shaft crumbles and collapses.
Casting: Sandblast (safe; 3% risk of failure)
Confirm with . or Enter, or press ? or * to list all spells.
Aiming: Sandblast (safe; 3% risk of failure)
Press: ? - help, Shift-Dir - straight line, f/p - ogre
Aim: an ogre, wielding a +0 giant club (severely wounded, 92% to hit)
The blast of sand hits the ogre!
The ogre is almost dead.
The ogre misses you. The ball python barely misses you.
The ball python closely misses you.
Unknown command.
Casting: Sandblast (safe; 3% risk of failure)
Confirm with . or Enter, or press ? or * to list all spells.
Aiming: Sandblast (safe; 3% risk of failure)
Press: ? - help, Shift-Dir - straight line, f/p - ogre
Aim: an ogre, wielding a +0 giant club (almost dead, 92% to hit)
You miscast Sandblast.
You are very lightly contaminated with residual magic.
Nothing appears to happen.
The ogre hits you with a +0 giant club!
You die...

### .. ###+##.#
#......######
##.....O......
#.....@######...
#......S........
..#.......#####...
#.........#
.###...###
#.....#####
#.....#>.......
#.#####....##..
.#####....##[..
#.#####


You could see an ogre and a ball python.

Vanquished Creatures
  A howler monkey (D:2)
  Jessica (D:3)
  2 ball pythons
  9 endoplasms
  3 giant cockroaches
  6 goblins (D:1)
  7 hobgoblins
  3 jackals (D:1)
  4 quokkas
  2 bats
  3 frilled lizards
  6 kobolds
  3 rats
50 creatures vanquished.

Notes
Turn   | Place    | Note
-------+----------+-------------------------------------------
     0 | D:1      | hikkokomori the Formicid Wanderer began the quest for the
                  | Orb.
     0 | D:1      | hikkokomori set off with the following items: a +0 club, a
                  | potion of heal wounds, a +0 ring mail; and the following
                  | spells available to memorise: Sandblast, Apportation,
                  | Teleport Other, Brom's Barrelling Boulder, Leda's
                  | Liquefaction.
     0 | D:1      | Reached XP level 1. HP: 15/15 MP: 4/4
     2 | D:1      | Learned a level 1 spell: Sandblast
     4 | D:1      | Learned a level 1 spell: Apportation
   195 | D:1      | Reached XP level 2. HP: 21/21 MP: 6/6
   271 | D:1      | Reached skill level 5 in Earth Magic
   433 | D:1      | Reached XP level 3. HP: 22/26 MP: 3/7
   934 | D:1      | Found a faded altar of an unknown god.
  1195 | D:2      | Reached XP level 4. HP: 33/33 MP: 7/9
  1252 | D:2      | Identified the +3 short sword "Heaptua" {protect, Will+
                  | rCorr MP-9 Str+4}
  1856 | D:3      | Noticed Jessica
  1868 | D:3      | Killed Jessica
  1869 | D:3      | Reached XP level 5. HP: 31/39 MP: 10/10
  2022 | D:3      | Noticed an ogre
  2027 | D:3      | Slain by an ogre

Illustrated notes

Levels and vault maps discovered:
D:1:      dpeg_arrival_tiny_e, layout_loops_corners,
          ebering_ecumenical_altar_sacrificial
D:2:      layout_loops_ring
D:3:      layout_basic, mainiacjoe_overflow_boulevard, amcnicky_altar_gilded,
          minivault_25, uniq_jessica

Skill      XL: |  1  2  3  4 |
---------------+-------------+-----
Earth Magic    | 5 |  5.4
Fighting       | 2 |  2.4
Armour         | 2 |  2.1
Translocations | 2 |  2.0
Polearms       | |  0.4
Spellcasting   | |  3.9

Action                     |  1- 3 |  4- 6 || total
---------------------------+-------+-------++-------
  Melee: Short sword       |    23 |    15 ||    38
         Spear             |       |    35 ||    35
   Cast: Sandblast         |    41 |     6 ||    47
Ability: Dig               |     1 |       ||     1
 Armour: Ring mail         |    20 |    26 ||    46
  Dodge: Dodged            |    18 |    26 ||    44
